TOP OF THE 1ST |
Ohio State Buckeyes batting - Pitching for Mississippi State Bulldogs : RHP Tom Speck
|
Pitching: RHP Tom Speck
|
|
Batting: RHB Rudy Boyd
|
0-0: Ball 1-0: Fly out, F9 (Line Drive, 9)
|
Batting: RHB Tommy Miller
|
0-0: Foul Ball, location: 2F 0-1: Called Strike 0-2: Strikes out swinging
|
Batting: LHB Josh Armstrong
|
0-0: Called Strike 0-1: Ball 1-1: Fly out, F6 (Line Drive, 6M)
|
Top of the 1st over - 0 run(s), 0 hit(s), 0 error(s), 0 left on base; Ohio State 0 - Mississippi State 0 |
BOTTOM OF THE 1ST |
Mississippi State Bulldogs batting - Pitching for Ohio State Buckeyes : RHP Ignacio Piña
|
Pitching: RHP Ignacio Piña
|
|
Batting: RHB Hunter Hudson
|
0-0: Called Strike 0-1: Ball 1-1: Foul Ball, location: 2F 1-2: Ball 2-2: Ball 3-2: Foul Ball, location: 2F 3-2: Base on Balls
|
Batting: RHB Dan Cross
|
0-0: Called Strike Hunter Hudson is caught stealing 2nd base 0-1: Ball 1-1: Ground out 5-3 (Groundball, 5S)
|
Batting: LHB Trey Fitzpatrick
|
0-0: Called Strike 0-1: Ball 1-1: Called Strike 1-2: Ball 2-2: Ground out 3-1 (Groundball, 34)
|
Bottom of the 1st over - 0 run(s), 0 hit(s), 0 error(s), 0 left on base; Ohio State 0 - Mississippi State 0 |
TOP OF THE 2ND |
Ohio State Buckeyes batting - Pitching for Mississippi State Bulldogs : RHP Tom Speck
|
Batting: RHB Jeff Peterson
|
0-0: Called Strike 0-1: Called Strike 0-2: Strikes out swinging
|
Batting: LHB Kenneth Key
|
0-0: Called Strike 0-1: Called Strike 0-2: Foul Ball, location: 2F 0-2: Strikes out swinging
|
Batting: RHB Josh Joyner
|
0-0: Ball 1-0: Called Strike 1-1: SOLO HOME RUN (Flyball, 7D), Distance : 358 ft
|
Batting: RHB Pat Dwyer
|
0-0: Called Strike 0-1: Fly out, F5 (Line Drive, 5)
|
Top of the 2nd over - 1 run(s), 1 hit(s), 0 error(s), 0 left on base; Ohio State 1 - Mississippi State 0 |
BOTTOM OF THE 2ND |
Mississippi State Bulldogs batting - Pitching for Ohio State Buckeyes : RHP Ignacio Piña
|
Batting: RHB Phil Rowlett
|
0-0: Ball 1-0: Foul Ball, location: 2F 1-1: Called Strike 1-2: Ball 2-2: Strikes out looking
|
Batting: SHB Jessie Teague
|
0-0: Called Strike 0-1: Swinging Strike 0-2: Ball 1-2: Ground out 3-1 (Groundball, 34)
|
Batting: SHB Tom Stewart
|
0-0: Called Strike 0-1: Foul Ball, location: 2F 0-2: Ball 1-2: Ball 2-2: Foul Ball, location: 2F 2-2: Ball 3-2: Base on Balls
|
Batting: RHB Héctor Garza
|
0-0: Called Strike 0-1: Called Strike 0-2: Strikes out swinging
|
Bottom of the 2nd over - 0 run(s), 0 hit(s), 0 error(s), 1 left on base; Ohio State 1 - Mississippi State 0 |
TOP OF THE 3RD |
Ohio State Buckeyes batting - Pitching for Mississippi State Bulldogs : RHP Tom Speck
|
Batting: RHB Ollie Buchanan
|
0-0: Ground out U3 (Groundball, 3)
|
Batting: RHB Dale Hernández
|
0-0: Ball 1-0: SINGLE (Groundball, 4MD)
|
Batting: RHB Rudy Boyd
|
0-0: SINGLE (Line Drive, 7LS) Dale Hernández to second
|
Batting: RHB Tommy Miller
|
0-0: Called Strike 0-1: Swinging Strike 0-2: Grounds into double play, 4-6-3 (Groundball, 34D)
|
Top of the 3rd over - 0 run(s), 2 hit(s), 0 error(s), 1 left on base; Ohio State 1 - Mississippi State 0 |
BOTTOM OF THE 3RD |
Mississippi State Bulldogs batting - Pitching for Ohio State Buckeyes : RHP Ignacio Piña
|
Batting: RHB Abel Moore
|
0-0: Ball 1-0: SINGLE (Line Drive, 8RS)
|
Batting: LHB Juan Rangel
|
0-0: Called Strike 0-1: SINGLE (Groundball, 56D) Abel Moore to second
|
Batting: RHB Hunter Hudson
|
0-0: Grounds into double play, 4-6-3 (Groundball, 4) Abel Moore to third
|
Batting: RHB Dan Cross
|
0-0: Called Strike 0-1: Ball 1-1: Foul Ball, location: 2F 1-2: Fly out, F3 (Flyball, 34D)
|
Bottom of the 3rd over - 0 run(s), 2 hit(s), 0 error(s), 1 left on base; Ohio State 1 - Mississippi State 0 |
TOP OF THE 4TH |
Ohio State Buckeyes batting - Pitching for Mississippi State Bulldogs : RHP Tom Speck
|
Batting: LHB Josh Armstrong
|
0-0: Called Strike 0-1: Ball 1-1: Called Strike 1-2: Ball 2-2: Ball 3-2: Strikes out looking
|
Batting: RHB Jeff Peterson
|
0-0: Foul Ball, location: 2F 0-1: Fly out, F9 (Flyball, 9)
|
Batting: LHB Kenneth Key
|
0-0: Called Strike 0-1: Ball 1-1: Ball 2-1: Foul Ball, location: 2F 2-2: Foul Ball, location: 2F 2-2: Foul Ball, location: 2F 2-2: Ball 3-2: SINGLE (Line Drive, 9S)
|
Batting: RHB Josh Joyner
|
0-0: Ball 1-0: Ground out 4-3 (Groundball, 34)
|
Top of the 4th over - 0 run(s), 1 hit(s), 0 error(s), 1 left on base; Ohio State 1 - Mississippi State 0 |
BOTTOM OF THE 4TH |
Mississippi State Bulldogs batting - Pitching for Ohio State Buckeyes : RHP Ignacio Piña
|
Batting: LHB Trey Fitzpatrick
|
0-0: Ball 1-0: Foul Ball, location: 2F 1-1: Called Strike 1-2: Foul Ball, location: 2F 1-2: Ball 2-2: Strikes out swinging
|
Batting: RHB Phil Rowlett
|
0-0: Swinging Strike 0-1: Ball 1-1: Swinging Strike 1-2: Ball 2-2: Strikes out looking
|
Batting: SHB Jessie Teague
|
0-0: Foul Ball, location: 2F 0-1: Ball 1-1: Foul Ball, location: 2F 1-2: Fly out, F8 (Flyball, 8LS)
|
Bottom of the 4th over - 0 run(s), 0 hit(s), 0 error(s), 0 left on base; Ohio State 1 - Mississippi State 0 |
TOP OF THE 5TH |
Ohio State Buckeyes batting - Pitching for Mississippi State Bulldogs : RHP Tom Speck
|
Batting: RHB Pat Dwyer
|
0-0: Ball 1-0: Fly out, F2 (Popup, 25)
|
Batting: RHB Ollie Buchanan
|
0-0: Ball 1-0: Ball 2-0: Ball 3-0: Called Strike 3-1: Base on Balls
|
Batting: RHB Dale Hernández
|
0-0: Fly out, F9 (Flyball, 9S)
|
Batting: RHB Rudy Boyd
|
0-0: Ball 1-0: Ball 2-0: Ball 3-0: Called Strike 3-1: Base on Balls Ollie Buchanan to second
|
Batting: RHB Tommy Miller
|
0-0: Ball 1-0: DOUBLE (Line Drive, 7) Ollie Buchanan scores Rudy Boyd to third Runner from 3rd tries for Home, SAFE, no throw
|
Batting: LHB Josh Armstrong
|
0-0: Ground out 3-1 (Groundball, 34)
|
Top of the 5th over - 2 run(s), 1 hit(s), 0 error(s), 1 left on base; Ohio State 3 - Mississippi State 0 |
BOTTOM OF THE 5TH |
Mississippi State Bulldogs batting - Pitching for Ohio State Buckeyes : RHP Ignacio Piña
|
Batting: SHB Tom Stewart
|
0-0: Called Strike 0-1: Fly out, F6 (Popup, 56D)
|
Batting: RHB Héctor Garza
|
0-0: Ball 1-0: Fly out, F9 (Flyball, 89S)
|
Batting: RHB Abel Moore
|
0-0: Swinging Strike 0-1: Swinging Strike 0-2: Ball 1-2: Ball 2-2: SOLO HOME RUN (Flyball, 7D), Distance : 357 ft
|
Batting: LHB Juan Rangel
|
0-0: Ball 1-0: Foul Ball, location: 2F 1-1: Called Strike 1-2: Foul Ball, location: 2F 1-2: Ball 2-2: SINGLE (Flyball, 8LS)
|
Batting: RHB Hunter Hudson
|
0-0: Called Strike 0-1: TRIPLE (Flyball, 9LM) Juan Rangel scores
|
Batting: RHB Dan Cross
|
0-0: Ball 1-0: Ball 2-0: Fly out, F5 (Line Drive, 5L)
|
Bottom of the 5th over - 2 run(s), 3 hit(s), 0 error(s), 1 left on base; Ohio State 3 - Mississippi State 2 |
TOP OF THE 6TH |
Ohio State Buckeyes batting - Pitching for Mississippi State Bulldogs : RHP Tom Speck
|
Batting: RHB Jeff Peterson
|
0-0: Ball 1-0: Reached via error on a dropped throw, E3
|
Batting: LHB Kenneth Key
|
0-0: Ball 1-0: Ball 2-0: Ball 3-0: Called Strike 3-1: Swinging Strike 3-2: Base on Balls Jeff Peterson to second
|
Pitching: RHP Jorge Morales
|
|
Batting: RHB Josh Joyner
|
0-0: Called Strike 0-1: SINGLE (Groundball, 56D) Jeff Peterson to third Kenneth Key to second
|
Batting: RHB Pat Dwyer
|
0-0: Grounds into double play, 1-2-3 (Groundball, 13S) Kenneth Key to third Josh Joyner to second
|
Batting: RHB Ollie Buchanan
|
0-0: Called Strike 0-1: Foul Ball, location: 2F 0-2: Ball 1-2: Strikes out swinging
|
Top of the 6th over - 0 run(s), 1 hit(s), 1 error(s), 2 left on base; Ohio State 3 - Mississippi State 2 |
BOTTOM OF THE 6TH |
Mississippi State Bulldogs batting - Pitching for Ohio State Buckeyes : RHP Ignacio Piña
|
Batting: LHB Trey Fitzpatrick
|
0-0: Ball 1-0: Ball 2-0: Foul Ball, location: 2F 2-1: Hit by Pitch
|
Pitching: RHP Peter Russell
|
|
Batting: RHB Phil Rowlett
|
0-0: Ball 1-0: Fly out, F8 (Flyball, 8LD)
|
Batting: SHB Jessie Teague
|
0-0: Foul Ball, location: 2F 0-1: Ball 1-1: Ball 2-1: Called Strike 2-2: SINGLE (Line Drive, 56D) Trey Fitzpatrick to second Trey Fitzpatrick to third
|
Batting: SHB Tom Stewart
|
0-0: Called Strike 0-1: Called Strike 0-2: Foul Ball, location: 2F 0-2: DOUBLE (Line Drive, 78S) Trey Fitzpatrick scores Jessie Teague to third Runner from 3rd tries for Home, SAFE, throw made at trailing runner, SAFE at third!
|
Batting: RHB Héctor Garza
|
0-0: Called Strike 0-1: Ball 1-1: Ground out 1-3 (Groundball, 15S)
|
Batting: RHB Abel Moore
|
0-0: Ball 1-0: Fly out, F9 (Flyball, 9D)
|
Bottom of the 6th over - 2 run(s), 2 hit(s), 0 error(s), 1 left on base; Ohio State 3 - Mississippi State 4 |
TOP OF THE 7TH |
Ohio State Buckeyes batting - Pitching for Mississippi State Bulldogs : RHP Jorge Morales
|
Batting: RHB Dale Hernández
|
0-0: Called Strike 0-1: Ball 1-1: Foul Ball, location: 2F 1-2: Foul Ball, location: 2F 1-2: Ball 2-2: Foul Ball, location: 2F 2-2: SINGLE (Line Drive, 34D)
|
Pinch Runner at 1st Luis Antonio Cortéz:
|
|
Batting: RHB Rudy Boyd
|
0-0: Bunted foul 0-1: Bunted foul 0-2: Ball 1-2: Ball 2-2: Ball 3-2: SINGLE (Line Drive, 34) Luis Antonio Cortéz to second
|
Batting: RHB Tommy Miller
|
0-0: Swinging Strike 0-1: Ball 1-1: Ball 2-1: TRIPLE (Flyball, 78D) Luis Antonio Cortéz scores Rudy Boyd scores
|
Pitching: RHP Duncan McBride
|
|
Batting: LHB Josh Armstrong
|
0-0: Called Strike 0-1: Ball 1-1: Ball 2-1: Ground out 5-3 (Groundball, 56S)
|
Batting: RHB Jeff Peterson
|
0-0: Intentional Walk
|
Batting: LHB Kenneth Key
|
0-0: Foul Ball, location: 2F 0-1: Called Strike 0-2: Ball 1-2: Foul Ball, location: 2F 1-2: Strikes out swinging
|
Batting: RHB Josh Joyner
|
0-0: Ball 1-0: Ball 2-0: SINGLE (Line Drive, 7S) Tommy Miller scores Jeff Peterson to second
|
Batting: RHB Pat Dwyer
|
0-0: Ball 1-0: SINGLE (Line Drive, 34) Jeff Peterson to third Josh Joyner to second
|
Batting: RHB Ollie Buchanan
|
0-0: Called Strike 0-1: Ball 1-1: Ball 2-1: Foul Ball, location: 2F 2-2: Strikes out swinging
|
Top of the 7th over - 3 run(s), 5 hit(s), 0 error(s), 3 left on base; Ohio State 6 - Mississippi State 4 |
BOTTOM OF THE 7TH |
Mississippi State Bulldogs batting - Pitching for Ohio State Buckeyes : RHP Peter Russell
|
Now at 3B: Luis Antonio Cortéz
|
|
Batting: LHB Juan Rangel
|
0-0: Ball 1-0: Ball 2-0: Ball 3-0: Base on Balls
|
Batting: RHB Hunter Hudson
|
0-0: Foul Ball, location: 2F 0-1: SINGLE (Groundball, 25) (infield hit) Juan Rangel to second
|
Batting: RHB Dan Cross
|
0-0: Ball 1-0: Ball 2-0: Foul Ball, location: 2F 2-1: Grounds into double play, 5-4-3 (Groundball, 56) Juan Rangel to third
|
Batting: LHB Trey Fitzpatrick
|
0-0: Ball 1-0: Ball 2-0: DOUBLE (Flyball, 7) Juan Rangel scores
|
Batting: RHB Phil Rowlett
|
0-0: Called Strike 0-1: Ground out 5-3 (Groundball, 5S)
|
Bottom of the 7th over - 1 run(s), 2 hit(s), 0 error(s), 1 left on base; Ohio State 6 - Mississippi State 5 |
TOP OF THE 8TH |
Ohio State Buckeyes batting - Pitching for Mississippi State Bulldogs : RHP Duncan McBride
|
Batting: LHB Luis Antonio Cortéz
|
0-0: Ball 1-0: Called Strike 1-1: Foul Ball, location: 2F 1-2: Strikes out swinging
|
Batting: RHB Rudy Boyd
|
0-0: Ball 1-0: Called Strike 1-1: SINGLE (Flyball, 78S)
|
Batting: RHB Tommy Miller
|
0-0: Grounds into double play, 5-4-3 (Groundball, 56)
|
Top of the 8th over - 0 run(s), 1 hit(s), 0 error(s), 0 left on base; Ohio State 6 - Mississippi State 5 |
BOTTOM OF THE 8TH |
Mississippi State Bulldogs batting - Pitching for Ohio State Buckeyes : RHP Peter Russell
|
Pitching: LHP Tommy Campbell
|
|
Now in CF: Abraham Horton
|
|
Batting: SHB Jessie Teague
|
0-0: Ball 1-0: Ball 2-0: Ball 3-0: Called Strike 3-1: Base on Balls
|
Pitching: RHP Matt Gorman
|
|
Batting: SHB Tom Stewart
|
0-0: Called Strike 0-1: Called Strike 0-2: Strikes out swinging
|
Batting: RHB Héctor Garza
|
0-0: Ball 1-0: Foul Ball, location: 2F 1-1: Swinging Strike 1-2: Ball 2-2: Ball 3-2: Strikes out swinging
|
Batting: RHB Abel Moore
|
0-0: Foul Ball, location: 2F 0-1: Swinging Strike 0-2: Ball 1-2: Ball 2-2: Foul Ball, location: 2F 2-2: Ball 3-2: SINGLE (Groundball, 6MD) Jessie Teague to second Jessie Teague to third
|
Pitching: LHP Wilton Mahony
|
|
Batting: LHB Juan Rangel
|
0-0: Called Strike 0-1: Ball 1-1: Ball 2-1: Ball 3-1: Base on Balls Abel Moore to second
|
Pitching: RHP Robinson Jiménez
|
|
Batting: RHB Hunter Hudson
|
0-0: Called Strike 0-1: Ball 1-1: Swinging Strike 1-2: Foul Ball, location: 2F 1-2: Foul Ball, location: 2F 1-2: Strikes out swinging
|
Bottom of the 8th over - 0 run(s), 1 hit(s), 0 error(s), 3 left on base; Ohio State 6 - Mississippi State 5 |
TOP OF THE 9TH |
Ohio State Buckeyes batting - Pitching for Mississippi State Bulldogs : RHP Duncan McBride
|
Pitching: LHP J.J. Porter
|
|
Batting: LHB Josh Armstrong
|
0-0: Ground out 1-3 (Groundball, 15S)
|
Batting: RHB Jeff Peterson
|
0-0: Swinging Strike 0-1: Reached on error, E6 (Popup, 6D)
|
Pinch Hitting: SHB Travis Shannon
|
0-0: Ball 1-0: Ball 2-0: Called Strike 2-1: Ball 3-1: Ground out U3 (Groundball, 34S) Jeff Peterson to second
|
Batting: RHB Josh Joyner
|
0-0: Ball 1-0: Ball 2-0: Ball 3-0: Called Strike 3-1: Base on Balls
|
Batting: RHB Pat Dwyer
|
0-0: Ball 1-0: Ball 2-0: Ball 3-0: Called Strike 3-1: Base on Balls Jeff Peterson to third Josh Joyner to second
|
Batting: RHB Ollie Buchanan
|
0-0: Ball 1-0: Ball 2-0: Called Strike 2-1: Fly out, F8 (Flyball, 89S)
|
Top of the 9th over - 0 run(s), 0 hit(s), 1 error(s), 3 left on base; Ohio State 6 - Mississippi State 5 |
BOTTOM OF THE 9TH |
Mississippi State Bulldogs batting - Pitching for Ohio State Buckeyes : RHP Robinson Jiménez
|
Pitching: RHP Denny Moore
|
|
Now in RF: Travis Shannon
|
|
Batting: RHB Dan Cross
|
0-0: Ball 1-0: Called Strike 1-1: Fly out, F8 (Flyball, 8RM)
|
Batting: LHB Trey Fitzpatrick
|
0-0: Swinging Strike 0-1: Ball 1-1: Called Strike 1-2: Ball 2-2: Foul Ball, location: 2F 2-2: Strikes out swinging
|
Batting: RHB Phil Rowlett
|
0-0: Called Strike 0-1: Ball 1-1: Ball 2-1: Ball 3-1: Fly out, F8 (Line Drive, 8RM)
|
Bottom of the 9th over - 0 run(s), 0 hit(s), 0 error(s), 0 left on base; Ohio State 6 - Mississippi State 5 |
|